AoeStats
← OpulentSilver

Arena

508983318Analyzed
2v2 RM · 8d ago on Sep 24, 2026· 25m 29s· 4 players
Game mode
Random Map
Map size
Medium (4 player)
Population
200
Speed
Normal
Resources
Standard
Victory
Conquest
Starting age
Dark Age
Ending age
Imperial Age
RankedLock teamsTeams togetherTeam positionsShared explorationLock speedFull tech treeHidden civsTurbo modeCheats
Victory
Defeat
🇨🇱 Lithuanians · Chile
784
+11
🇨🇱 Huns · Chile
679
+16
🇺🇾 Byzantines · Uruguay
713
-15
🇧🇷 Danes · Brazil
644
-12
Bizcochito del papo
13:18 Feudal Age
15:17 Double-Bit Axe
18:03 Castle Age
15:53 Loom
15:57 Horse Collar
22:20 Imperial Age
OpulentSilver
3:42 Loom
5:18 Loom
11:37 Feudal Age
12:25 Double-Bit Axe
18:43 Castle Age
16:29 Horse Collar
21:06 Heavy Plow
21:45 Bow Saw
23:26 Forging
23:46 Squires
24:30 Fletching
25:16 Iron Casting
25:23 Scale Mail Armor
SGepp
8:28 Loom
12:20 Feudal Age
17:26 Castle Age
21:46 Fletching
22:50 Bodkin Arrow
25:40 Husbandry
Ytsejamer
2:59 Loom
10:41 Feudal Age
15:07 Castle Age
16:53 Forging
25:32 Fervor
Connection lost

Rejoining the realm…

Still unreachable

The connection could not be restored.

Session expired

The server has moved on; the page needs a fresh start.